Map: Année zéro EC

Players

Nazhold

  • Race: Terran Terran
  • League: Diamond
  • Spawn Location: 1:00

IA (très facile) - Winner!

  • Race: Terran Terran
  • Spawn Location: 11:00

VOD

Have the link to the VOD?

Description

Time

  • Played on: May 6, 2019, 3:05 p.m.
  • Length: 5:32
Show
View Real Time Build Order
Export as new Build Order

Nazhold Terran 

Build Orders:  

Get SALT Encoding   

  12  0:00  SCV  
  13  0:12  SCV  
  14  0:19  Supply Depot  
  14  0:25  SCV  
  15  0:31  Refinery  
  15  0:40  SCV  
  16  0:46  Barracks  
  16  0:52  SCV  
  17  1:04  SCV  
  18  1:16  SCV  
  19  1:27  Barracks  
  19  1:29  Refinery  
  20  1:36  Supply Depot  
  20  1:38  Barracks Tech Lab  
  19  1:41  Orbital Command  
  19  1:54  Factory  
  19  2:08  SCV, Stimpack  
  20  2:17  Barracks Reactor  
  20  2:21  SCV  
  21  2:36  SCV  
  22  2:39  Starport  
  22  2:40  Factory Tech Lab  
  22  2:41  Marine  
  23  2:46  Supply Depot  
  23  2:53  Marine x2  
  25  3:01  Marine  
  25  3:03  Siege Tank  
  29  3:13  Marine x2  
  31  3:21  Medivac  
  31  3:24  Supply Depot  
  31  3:25  Marine  
  34  3:39  Marine x2  
  36  3:44  Siege Tank  
  36  3:46  Marine  
  40  4:02  Marine x2  
  40  4:03  Medivac  
  40  4:09  SCV  
  45  4:12  Supply Depot  
  45  4:14  Marine  
  46  4:30  Marine  
  47  4:32  Liberator  
  47  4:34  Marine  
  48  4:50  Marine x2  
  53  4:57  Supply Depot  
  53  5:02  Marine  
Show
View Real Time Build Order
Export as new Build Order

IA (très facile) Terran - Winner!

Build Orders:  

Get SALT Encoding   

  12  0:00  SCV  
  13  0:13  SCV  
  14  0:20  Supply Depot  
  14  0:37  Refinery  
  14  0:46  Barracks  
  14  1:05  Supply Depot  
  14  1:12  Refinery  
  14  1:30  SCV  
  15  1:33  Marine  
  16  1:42  SCV  
  17  1:55  SCV  
  18  2:05  Marine  
  18  2:07  SCV  
  20  2:19  SCV  
  21  2:31  SCV  
  21  2:36  Marine  
  23  2:44  Orbital Command  
  23  5:06  Marine  
  24  5:09  Supply Depot  
  24  5:11  SCV  
Tags
 
League
Diamond
Matchup
TvT
Race
Terran
Spawn Locations
Close Positions
Add a new tag
Caveats
  • Supply blocks, unpowered buildings, or Contaminate may cause inaccurate times.
  • Supply counts are checked every 10 seconds.